 Dungeon Crawl Stone Soup version 0.30.1-4-g462c640d31 (webtiles) character file.

Game seed: 16734863508440932876

359 Graphine the Firebug (level 6, -2/45 HPs)
             Began as a Draconian Fire Elementalist on Aug 18, 2023.
             Killed by nerve-wracking pain
             ... invoked by an orc priest
              (14 damage)
             ... on level 3 of the Dungeon.
             The game lasted 00:06:41 (3044 turns).

Graphine the Firebug (Draconian Fire Elementalist)  Turns: 3044, Time: 00:06:42

Health: -2/45      AC:  8    Str: 10    XL:     6   Next: 37%
Magic:  3/11       EV: 12    Int: 18    God:
Gold:   135        SH:  0    Dex: 11    Spells: 9/12 levels left

rFire   . . .        b - +0 dagger
rCold   . . .        (no shield)
rNeg    . . .        (body armour unavailable)
rPois   .            (helmet restricted)
rElec   .            n - +0 cloak
rCorr   .            (no gloves)
SInv    .            p - +0 pair of boots
Will    .....        (no amulet)
Stlth   ++           (no ring)
HPRegen 0.27/turn    (no ring)
MPRegen 0.12/turn

%: no passive effects
@: no status effects
A: AC +6, unfitting armour, cold-blooded
a: no special abilities


You were on level 3 of the Dungeon.
You visited 1 branch of the dungeon, and saw 3 of its levels.

You collected 135 gold pieces.

Inventory:

Hand Weapons
 b - a +0 dagger (weapon)
Armour
 n - a +0 cloak (worn)
 p - a +0 pair of boots (worn)
Jewellery
 q - an amulet of the acrobat
Scrolls
 c - 3 scrolls of enchant weapon
 d - a scroll of fear {unknown}
 f - a scroll of blinking {unknown}
 g - a scroll of silence {unknown}
 i - a scroll of immolation {unknown}
 l - a scroll of vulnerability {unknown}
 o - a scroll of torment {unknown}
Potions
 a - a potion of magic
 e - a potion of might
 h - a potion of brilliance
 j - a potion of cancellation {unknown}
 k - 3 potions of curing {unknown}
 m - 2 potions of degeneration {unknown}


   Skills:
 - Level 1.7 Dodging
 - Level 1.7 Stealth
 + Level 3.9 Spellcasting
 - Level 1.0 Conjurations
 * Level 6.2 Fire Magic


You had 9 spell levels left.
You knew the following spells:

 Your Spells              Type           Power      Damage    Failure   Level
a - Foxfire               Conj/Fire      64%        2x1d7     3%          1
b - Scorch                Fire           50%        2d7       1%          2

Your spell library contained the following spells:

 Spells                   Type           Power      Damage    Failure   Level
 Inner Flame              Hex/Fire       14%        N/A       13%         3
 Volatile Blastmotes      Fire/Tloc      28%        2d12      13%         3
 Beastly Appendage        Tmut           6%         N/A       16%         1
 Wereblood                Tmut           3%         N/A       22%         2
 Flame Wave               Conj/Fire      16%        2d7       32%         4
 Spider Form              Tmut/Pois      3%         N/A       41%         3


Dungeon Overview and Level Annotations

Branches:
Dungeon (3/15)

Altars:
Nemelex Xobeh
Wu Jian


Innate Abilities, Weirdness & Mutations

Your plain brown scales are hard. (AC +6)
You cannot fit into any form of body armour.
You are cold-blooded and may be slowed by cold attacks.


Message History

Confirm with . or Enter, or press ? or * to list all spells.
You conjure some foxfire!
You feel yourself speed up.
The orc hits you from afar with a +0 trident.
The orc closely misses you.
The orc priest invokes the aid of Beogh against you.
Beogh smites you!
* * * LOW HITPOINT WARNING * * *
The foxfire hits the orc.
The orc is lightly wounded.
Casting: Foxfire (safe; 3% risk of failure)
Confirm with . or Enter, or press ? or * to list all spells.
Flames lash the goblin.
You kill the goblin!
The foxfire hits the orc.
The orc is moderately wounded.
The foxfire hits the orc.
The orc is severely wounded.
The foxfire hits the orc.
The orc is almost dead.
An orc comes into view. It is wielding a +0 whip.
The orc hits you from afar with a +0 trident.
* * * LOW HITPOINT WARNING * * *
An orc priest comes into view. It is wielding a +0 hand axe.
Okay, then.
Okay, then.
The orc attacks as you move away! The orc hits you but does no damage.
The orc attacks as you move away! The orc hits you but does no damage.
Casting: Scorch (safe; 1% risk of failure)
Confirm with . or Enter, or press ? or * to list all spells.
Flames lash the orc.
You kill the orc!
The orc hits you but does no damage.
Casting: Scorch (safe; 1% risk of failure)
Confirm with . or Enter, or press ? or * to list all spells.
Flames lash the orc.
You kill the orc!
The orc priest calls down the wrath of Beogh upon you.
Pain shoots through your body!
You die...

##.##.................#.......
#.##.................########
#.##....................
#.##....................
#.##..(..................
.####........................
.............###############
........[....###########
................@.......
.#######.#..o###########
#.#...######## #.#...#......o
#.#.#)#.)..... #.#.#†).)...o.
#.#.#..####### #.#.#....
#.#......#


You could see an orc priest.

Vanquished Creatures
  Grinder (D:3)
  2 orc priests (D:3)
  2 adders
  2 worms (D:2)
  4 dart slugs
  4 orcs (D:3)
  7 ball pythons
  7 bats
  7 endoplasms
  A giant cockroach (D:3)
  7 goblins
  10 hobgoblins
  4 jackals (D:2)
  2 quokkas
  2 kobolds (D:1)
  3 rats
65 creatures vanquished.

Vanquished Creatures (others)
  171 foxfires
171 creatures vanquished.

Grand Total: 236 creatures vanquished

Notes
Turn   | Place    | Note
-------+----------+-------------------------------------------
     0 | D:1      | Graphine the Draconian Fire Elementalist began the quest
                  | for the Orb.
     0 | D:1      | Reached XP level 1. HP: 14/14 MP: 3/3
   182 | D:1      | Reached XP level 2. HP: 20/20 MP: 0/5
   679 | D:1      | Reached XP level 3. HP: 26/26 MP: 0/6
  1134 | D:1      | Learned a level 2 spell: Scorch
  1157 | D:2      | Reached skill level 4 in Fire Magic
  2181 | D:2      | Reached XP level 4. HP: 33/33 MP: 3/8
  2610 | D:3      | Reached skill level 5 in Fire Magic
  2610 | D:3      | Reached XP level 5. HP: 17/38 MP: 1/9
  2768 | D:3      | Found a sparkling altar of Nemelex Xobeh.
  2787 | D:3      | Noticed Grinder
  2789 | D:3      | Paralysed by Grinder for 5 turns
  2799 | D:3      | Killed Grinder
  2800 | D:3      | Reached skill level 6 in Fire Magic
  2800 | D:3      | Reached XP level 6. HP: 39/45 MP: 0/11
  2902 | D:3      | Found an ornate altar of the Wu Jian Council.
  3044 | D:3      | Killed from afar by an orc priest

Illustrated notes

Levels and vault maps discovered:
D:1:      tarquinn_simple_flora_water_b, layout_loops_ring
D:2:      layout_basic
D:3:      layout_basic, nicolae_wu_jian_immortal_techniques,
          mainiacjoe_overflow_alcove_4, uniq_grinder

Skill      XL: |  1  2  3  4  5 |
---------------+----------------+-----
Fire Magic     | 4 5 6 |  6.2
Spellcasting   | 3 |  3.9
Dodging        | |  1.7
Stealth        | |  1.7
Conjurations   | |  1.0

Action                     |  1- 3 |  4- 6 || total
---------------------------+-------+-------++-------
  Melee: Unarmed           |    16 |       ||    16
         Tailslap          |     5 |       ||     5
         Dagger            |     6 |     5 ||    11
   Cast: Foxfire           |    60 |    42 ||   102
         Scorch            |    10 |     7 ||    17
    Use: Scroll            |     2 |     2 ||     4
 Armour: Skin              |    17 |     3 ||    20
  Dodge: Dodged            |    36 |     4 ||    40
